Map: Submarine LE

Players

gerax

  • Race: Zerg Zerg
  • League: Diamond
  • Spawn Location: 11:00

RyuKey - Winner!

  • Race: Terran Terran
  • League: Diamond
  • Spawn Location: 5:00

VOD

Have the link to the VOD?

Description

Time

  • Played on: June 22, 2020, 5:54 p.m.
  • Length: 5:53
Show
View Real Time Build Order
Export as new Build Order

gerax Zerg 

Build Orders: Hatch First 

Get SALT Encoding   

  12  0:00  Drone  
  13  0:13  Overlord  
  13  0:16  Drone  
  14  0:31  Drone x2  
  14  0:35  Drone  
  17  0:53  Hatchery  
  17  0:54  Drone  
  17  0:57  Drone  
  18  1:09  Extractor  
  17  1:13  Spawning Pool  
  17  1:15  Drone  
  17  1:20  Drone  
  18  1:30  Drone  
  19  1:40  Overlord  
  19  1:51  Overlord  
  19  2:00  Queen  
  19  2:01  Drone  
  22  2:06  Zergling x2, Queen  
  25  2:08  Metabolic Boost  
  25  2:12  Drone  
  26  2:17  Drone  
  27  2:23  Drone  
  27  2:26  Drone  
  29  2:35  Drone  
  30  2:43  Drone  
  30  2:47  Overlord  
  30  2:55  Drone  
  31  2:59  Drone x2  
  33  3:10  Drone x5  
  33  3:12  Hatchery  
  37  3:15  Drone  
  38  3:25  Drone, Baneling Nest  
  38  3:26  Drone x2  
  40  3:35  Overlord, Drone  
  40  3:37  Queen  
  43  3:43  Evolution Chamber  
  43  3:45  Queen  
  44  3:49  Drone  
  45  3:55  Extractor  
  45  3:59  Drone, Extractor  
  45  4:00  Drone x2  
  45  4:01  Drone  
  47  4:03  Drone  
  47  4:04  Drone  
  49  4:12  Queen, Drone  
  52  4:25  Zergling x8  
  54  4:40  Zergling x2  
  54  4:45  Zergling x2  
  53  4:48  Zergling x4  
  53  4:49  Zergling x4  
  57  4:54  Drone x2  
  57  4:56  Queen  
  61  5:05  Drone  
  62  5:08  Drone  
  62  5:10  Baneling x9  
  62  5:12  Drone x2  
  62  5:14  Overlord x2  
  65  5:17  Spore Crawler  
  61  5:21  Spore Crawler  
  61  5:24  Spore Crawler x2  
Show
View Real Time Build Order
Export as new Build Order

RyuKey Terran - Winner!

Build Orders: Reaper Expand, Banshee Rush 

Get SALT Encoding   

  12  0:01  SCV  
  13  0:13  SCV  
  14  0:17  Supply Depot  
  14  0:33  SCV  
  15  0:40  Barracks  
  15  0:44  Refinery  
  15  0:45  SCV  
  16  0:57  SCV  
  17  1:09  SCV  
  18  1:21  SCV  
  19  1:29  Reaper  
  20  1:33  Orbital Command  
  20  1:44  Command Center  
  20  1:53  Supply Depot  
  20  1:59  SCV  
  21  2:07  Factory  
  21  2:11  SCV  
  22  2:19  Refinery  
  22  2:25  SCV  
  22  2:28  Barracks Reactor  
  23  2:37  SCV  
  24  2:49  SCV  
  25  2:57  Starport  
  25  2:59  Bunker  
  25  3:00  Orbital Command  
  25  3:12  Hellion x2  
  29  3:13  SCV  
  29  3:17  Barracks Tech Lab  
  30  3:25  SCV  
  31  3:29  Supply Depot  
  31  3:30  SCV  
  36  3:34  Hellion x2  
  36  3:37  SCV  
  37  3:42  SCV  
  37  3:46  Banshee, Cloaking Field  
  41  3:49  SCV  
  41  3:54  SCV  
  43  4:01  Marine, SCV  
  43  4:02  Marine  
  46  4:04  Supply Depot  
  46  4:06  SCV  
  46  4:08  Factory Tech Lab  
  47  4:13  SCV  
  48  4:18  SCV  
  49  4:25  SCV  
  49  4:29  Banshee  
  49  4:30  SCV  
  49  4:31  Marine x2, Siege Tank  
  54  4:38  SCV  
  56  4:43  SCV  
  55  4:49  Marine x2  
  55  4:50  SCV  
  56  4:54  Command Center  
  56  4:55  SCV  
  56  4:59  Supply Depot  
  57  5:04  SCV, Siege Tank  
  61  5:08  SCV  
  62  5:20  Marine x2  
  64  5:27  SCV x2  
Tags
 
Add a new tag
Caveats
  • Supply blocks, unpowered buildings, or Contaminate may cause inaccurate times.
  • Supply counts are checked every 10 seconds.